 Dungeon Crawl Stone Soup version 0.30-a0-1161-g0704695555 (webtiles) character file.

Game seed: 8348862253260052094

69542 retardedninja the Thaumaturge (level 15, -2/116 HPs)
             Began as a Gnoll Fire Elementalist on Apr 26, 2023.
             Was the Champion of Cheibriados.
             Killed by an exploding bloated husk (40 damage)
             ... on level 2 of the Swamp on Apr 27, 2023.
             The game lasted 00:52:03 (36320 turns).

retardedninja the Thaumaturge (GnFE)               Turns: 36320, Time: 00:52:04

Health: -2/116     AC: 15    Str: 22    XL:     15   Next: 30%
Magic:  9/30       EV: 44    Int: 36    God:    Cheibriados [******]
Gold:   1389       SH:  0    Dex: 29    Spells: 20/36 levels left

rFire   . . .        s - +3 scimitar (flame)
rCold   . . .        (no shield)
rNeg    . . .        a - +2 robe
rPois   .            w - +2 helmet
rElec   .            j - +0 cloak
rCorr   .            f - +1 pair of gloves
SInv    .            h - +2 pair of boots
Will    ++...        n - amulet of the acrobat
Stlth   ++++++       l - ring of willpower
HPRegen 0.39/turn    m - +5 ring of evasion
MPRegen 0.22/turn

%: acrobat
@: acrobatic, very slow
A: fangs 1, strong nose, distributed training
a: Renounce Religion, Bend Time, Temporal Distortion, Slouch, Step From Time


You were on level 2 of the Swamp.
You worshipped Cheibriados.
Cheibriados was exalted by your worship.
You visited 5 branches of the dungeon, and saw 20 of its levels.
You also visited: Sewer.

You collected 1770 gold pieces.
You spent 381 gold pieces at shops.

Inventory:

Hand Weapons
 s - a +3 scimitar of flaming (weapon)
Missiles
 b - a throwing net
 D - 6 silver boomerangs
Armour
 a - a +2 robe (worn)
 f - a +1 pair of gloves (worn)
 h - a +2 pair of boots (worn)
 j - a +0 cloak (worn)
 w - a +2 helmet (worn)
Jewellery
 l - a ring of willpower (left hand)
 m - a +5 ring of evasion (right hand)
 n - an amulet of the acrobat (around neck)
Wands
 o - a wand of polymorph (3)
 A - a wand of flame (3)
Scrolls
 c - 2 scrolls of butterflies {unknown}
 i - a scroll of teleportation
 k - 2 scrolls of magic mapping
 x - a scroll of fog
 B - a scroll of amnesia
 E - a scroll of identify
Potions
 d - 4 potions of lignification
 e - 5 potions of mutation
 p - 4 potions of curing
 q - 2 potions of brilliance
 r - a potion of flight
 t - 2 potions of heal wounds
 u - 5 potions of cancellation
 v - 2 potions of attraction
 C - a potion of resistance
 H - a potion of might {unknown}
Miscellaneous
 g - a condenser vane
 F - a lightning rod (2/4)


   Skills:
 + Level 10.3 Fighting
 + Level 10.3 Short Blades
 + Level 10.3 Long Blades
 + Level 10.3 Axes
 + Level 10.3 Maces & Flails
 + Level 10.3 Polearms
 + Level 10.3 Staves
 + Level 10.3 Ranged Weapons
 + Level 10.3 Throwing
 + Level 10.3 Armour
 + Level 11.3 Dodging
 + Level 11.1 Stealth
 + Level 10.3 Shields
 + Level 10.3 Unarmed Combat
 + Level 11.4 Spellcasting
 + Level 9.0 Conjurations
 + Level 8.7 Hexes
 + Level 8.7 Summonings
 + Level 8.7 Necromancy
 + Level 8.7 Translocations
 + Level 8.7 Transmutations
 + Level 10.3 Fire Magic
 + Level 8.7 Ice Magic
 + Level 8.7 Air Magic
 + Level 8.7 Earth Magic
 + Level 8.7 Poison Magic
 + Level 11.2 Invocations
 + Level 10.3 Evocations


You had 20 spell levels left.
You knew the following spells:

 Your Spells              Type           Power      Damage    Failure   Level
a - Foxfire               Conj/Fire      100%       2x1d9     1%          1
b - Scorch                Fire           100%       2d9       1%          2
c - Flame Wave            Conj/Fire      74%        2d16      1%          4
d - Inner Flame           Hex/Fire       73%        N/A       1%          3
e - Plasma Beam           Fire/Air       36%        2x1d54    6%          6

Your spell library contained the following spells:

 Spells                   Type           Power      Damage    Failure   Level
 Ensorcelled Hibernation  Hex/Ice        100%       N/A       1%          2
 Passwall                 Tmut/Erth      58%        N/A       1%          2
 Poisonous Vapours        Pois/Air       100%       N/A       1%          2
 Call Canine Familiar     Summ           70%        N/A       1%          3
 Mephitic Cloud           Conj/Pois/Air  71%        N/A       1%          3
 Portal Projectile        Hex/Tloc       100%       N/A       1%          3
 Stone Arrow              Conj/Erth      100%       3d13      1%          3
 Swiftness                Air            70%        N/A       1%          3
 Vhi's Electric Charge    Tloc/Air       100%       N/A       1%          3
 Volatile Blastmotes      Fire/Tloc      100%       2d18      1%          3
 Animate Armour           Summ/Erth      100%       N/A       1%          4
 Leda's Liquefaction      Hex/Erth       35%        N/A       1%          4
 Arcjolt                  Conj/Air       35%        1d45      1%          5
 Blade Hands              Tmut           35%        N/A       1%          5
 Freezing Cloud           Conj/Ice/Air   35%        6-21      1%          5
 Yara's Violent Unravell  Hex/Tmut       35%        3d14      1%          5
 Iron Shot                Conj/Erth      35%        9d7       9%          6
 Enfeeble                 Hex            35%        N/A       43%         7
 Haunt                    Necr/Summ      35%        N/A       43%         7
 Infestation              Necr           35%        N/A       98%         8


Dungeon Overview and Level Annotations

Branches:
Dungeon (10/15)            Temple (1/1) D:4            Lair (5/5) D:10
  Swamp (2/4) Lair:3        Snake (0/4) Lair:3        Slime (0/5) Lair:5
    Orc (2/2) D:10            Elf (0/3) Orc:2         Sewer (visited)

Altars:
Ashenzari
Cheibriados
Dithmenos
Elyvilon
Fedhas
Gozag
Hepliaklqana
Kikubaaqudgha
Makhleb
Nemelex Xobeh
Okawaru
Qazlal
Ru
Sif Muna
Trog
Uskayaw
Vehumet
Wu Jian
Xom
Yredelemnul
Zin
The Shining One

Shops:
D:3 [   D:9 ![   Orc:2 ([?!

Annotations:
Lair:2 2 transporters
Lair:4 exclusion: oklob plant
Lair:5 2 runed translucent doors
Swamp:2 1 runed translucent door, Enkazo Toplu's ghost, adept AtWr; Frances


Innate Abilities, Weirdness & Mutations

You have very sharp teeth.
Your uncanny sense of smell can sniff out nearby items.
Your experience applies equally to all skills.


Message History

A wave of flame ripples out!
The flame wave engulfs the foxfire.
The foxfire completely resists.
The flame wave engulfs the foxfire.
The foxfire completely resists.
The mangrove smoulders and burns.
The flame wave engulfs Frances!
Frances is lightly wounded.
The flame wave engulfs the will-o-the-wisp.
The will-o-the-wisp resists.
The will-o-the-wisp is lightly damaged.
You finish channelling waves of flame.
You hear a shout!
The foxfire hits you. The foxfire hits you!
Frances whispers indecipherable words.
Found a scroll of teleportation.
The will-o-the-wisp gestures.
The will-o-the-wisp conjures some foxfire!
The bloated husk is engulfed in a cloud of scalding steam. 2 foxfires come into view.
Casting: Flame Wave (safe; 1% risk of failure)
Confirm with . or Enter, or press ? or * to list all spells.
Casting: Flame Wave (safe; 1% risk of failure)
Press: ? - help, Dir - look around, f - activate A wave of flame ripples out!
The flame wave engulfs the foxfire.
The foxfire completely resists. (Press . to intensify the flame waves.)
The foxfire hits you. The foxfire hits you! The foxfire hits you.
A wave of flame ripples out!
The flame wave engulfs the will-o-the-wisp!
The will-o-the-wisp resists.
The will-o-the-wisp is moderately damaged.
The flame wave engulfs the bloated husk!
The bloated husk is heavily damaged.
The flame wave engulfs Frances!!
Frances is moderately wounded.
The flame wave engulfs the neqoxec!
The neqoxec is moderately wounded.
The bloated husk explodes!
The blast of putrescent gases engulfs the will-o-the-wisp!!!
The will-o-the-wisp is destroyed!
The blast of putrescent gases engulfs you!!!
You die...

~~§ ~.~~ ♣.~ ~~§~
~~†~~~ ~ ~~~~ ♣~.~~~~
~~~~ §..?♣~♣. ♣♣
~§~♣♣♣<♣~...♣ .###
§~~ ♣.§§§§§§.. .#/##
~ ~§~ ♣.§§..☼.♣♣..
.+_.# ~~ ..
♣§..§§☼§~~♣ .#W## ..~
.♣♣§§°@§@§.♣ .###
.~~♣~♣○§.§§3.~♣
..♣♣♣♣
~~~..♣§.○§§☼.♣.♣
~~§~.♣ ♣~..§☼§§.♣
~~~~~♣♣ ♣♣♣~.♣..♣.♣♣
~~~~~)♣♣♣♣.~♣.....♣♣
§~~~~..♣♣~~..♣♣♣♣♣..♣
~~~~~.~~♣...♣♣♣ ♣~♣
~~...♣♣.~~..(.♣♣ .


You could see Frances and a neqoxec (summoned).

Vanquished Creatures
  2 eleionomae (Swamp:1)
  Erica (Orc:1)
  9 hydras
  3 two-headed ogres (D:10)
  3 alligators (Swamp:1)
  12 death yaks
  8 orc high priests (Orc:2)
  A spriggan druid (Lair:3)
  8 goliath frogs
  2 swamp dragons (Swamp:1)
  Pikel (D:3)
  A lindwurm (Lair:5)
  2 will-o-the-wisps (Swamp:1)
  5 elephants
  2 molten gargoyles (Lair:5)
  A torpor snail (Lair:1)
  A black mamba (Lair:2)
  7 cane toads
  Psyche (D:8)
  10 komodo dragons
  A rime drake (Lair:3)
  A tyrant leech (Swamp:1)
  2 trolls
  5 hornets
  18 blink frogs
  2 polar bears (Lair:3)
  12 dream sheep (Lair:4)
  6 spriggans (Swamp:1)
  Sigmund (D:4)
  62 yaks
  4 wyverns
  3 steam dragons
  A vampire (D:9)
  3 fire bats (D:8)
  7 basilisks
  7 vampire mosquitoes
  3 nagas (Lair:3)
  7 swamp worms
  8 wargs
  4 hell hounds
  14 water moccasins
  4 swamp drakes
  A sky beast (D:8)
  12 orc warriors
  2 black bears
  3 ogres
  10 wolves
  2 centaurs
  A kobold brigand (D:7)
  Blork the orc (D:4)
  18 bullfrogs
  A gnoll sergeant (D:8)
  A scorpion (D:5)
  3 wights (D:6)
  5 lava snakes (Lair:5)
  37 orc priests
  A hound (D:4)
  2 jellies
  A gnoll bouda (D:8)
  3 iron imps (D:10)
  2 sleepcaps
  7 hell rats (Lair:2)
  2 iguanas
  16 orc wizards
  Terence (D:2)
  12 adders
  9 gnolls (D:8)
  3 worms
  2 dart slugs
  81 orcs
  8 bats
  5 endoplasms
  6 giant cockroaches
  5 goblins
  6 hobgoblins
  3 jackals
  8 kobolds
  2 quokkas
  A ball python (D:1)
  2 frilled lizards (D:1)
  7 rats
  15 bushes
  A butterfly (Lair:4)
563 creatures vanquished.

Vanquished Creatures (collateral kills)
  6 foxfires
6 creatures vanquished.

Vanquished Creatures (others)
  A will-o-the-wisp (Swamp:2)
  A bloated husk (Swamp:2)
  A swamp worm (Swamp:1)
  4 bushes (Lair:2)
  1455 foxfires
  44 fungi
  80 plants
1586 creatures vanquished.

Grand Total: 2155 creatures vanquished

Notes
Turn   | Place    | Note
-------+----------+-------------------------------------------
     0 | D:1      | retardedninja the Gnoll Fire Elementalist began the quest
                  | for the Orb.
     0 | D:1      | Reached XP level 1. HP: 13/13 MP: 6/6
   356 | D:1      | Reached XP level 2. HP: 19/19 MP: 1/7
  1534 | D:2      | Reached skill level 5 in Spellcasting
  1534 | D:2      | Reached XP level 3. HP: 25/25 MP: 1/9
  1749 | D:2      | Reached skill level 1 in Invocations
  1818 | D:2      | Noticed Terence
  1824 | D:2      | Killed Terence
  1825 | D:2      | Reached skill level 1 in Fighting
  1825 | D:2      | Reached skill level 1 in Short Blades
  1825 | D:2      | Reached skill level 1 in Long Blades
  1825 | D:2      | Reached skill level 1 in Axes
  1825 | D:2      | Reached skill level 1 in Maces & Flails
  1825 | D:2      | Reached skill level 1 in Polearms
  1825 | D:2      | Reached skill level 1 in Staves
  1825 | D:2      | Reached skill level 1 in Ranged Weapons
  1825 | D:2      | Reached skill level 1 in Throwing
  1825 | D:2      | Reached skill level 1 in Armour
  1825 | D:2      | Reached skill level 1 in Shields
  1825 | D:2      | Reached skill level 1 in Unarmed Combat
  1825 | D:2      | Reached skill level 1 in Evocations
  1825 | D:2      | Reached XP level 4. HP: 32/32 MP: 4/11
  2144 | D:3      | Reached skill level 1 in Hexes
  2144 | D:3      | Reached skill level 1 in Summonings
  2144 | D:3      | Reached skill level 1 in Necromancy
  2144 | D:3      | Reached skill level 1 in Translocations
  2144 | D:3      | Reached skill level 1 in Transmutations
  2144 | D:3      | Reached skill level 1 in Ice Magic
  2144 | D:3      | Reached skill level 1 in Air Magic
  2144 | D:3      | Reached skill level 1 in Earth Magic
  2144 | D:3      | Reached skill level 1 in Poison Magic
  2349 | D:3      | Found Munt's Antique Armour Emporium.
  2913 | D:3      | Reached XP level 5. HP: 37/37 MP: 8/12
  3104 | D:4      | Noticed Sigmund
  3104 | D:4      | Noticed Pikel
  3104 | D:4      | Noticed a lemure
  3104 | D:4      | Noticed a lemure
  3107 | D:3      | Upgraded the game from 0.30-a0-1160-g6e42c06551 to
                  | 0.30-a0-1161-g0704695555
  3692 | D:3      | Learned a level 2 spell: Scorch
  3936 | D:4      | Killed Sigmund
  3937 | D:4      | Reached skill level 5 in Dodging
  3937 | D:4      | Reached XP level 6. HP: 31/44 MP: 7/14
  3993 | D:4      | Found a staircase to the Ecumenical Temple.
  4008 | D:4      | Found a shimmering blue altar of Sif Muna.
  4016 | Temple   | Entered the Ecumenical Temple
  4147 | D:4      | Found a hazy altar of Hepliaklqana.
  4258 | D:3      | Killed Pikel
  4259 | D:3      | Reached skill level 5 in Stealth
  4259 | D:3      | Reached XP level 7. HP: 17/51 MP: 4/15
  4818 | D:4      | Noticed Blork the orc
  4832 | D:4      | Killed Blork the orc
  4833 | D:4      | Reached XP level 8. HP: 6/58 MP: 7/16
  6381 | D:5      | Entered Level 5 of the Dungeon
  6398 | D:5      | Learned a level 4 spell: Flame Wave
  6402 | D:5      | Learned a level 3 spell: Inner Flame
  6483 | D:5      | You are sucked into a shaft and drop 3 floors!
  6615 | D:7      | Found a snail-covered altar of Cheibriados.
  6656 | D:7      | Became a worshipper of Cheibriados the Contemplative
  6674 | D:6      | Found a glowing drain.
  6715 | Sewer    | Entered a sewer
  8818 | D:6      | Got Nimeboly's Collected Works on Sinister Earth
  9071 | D:6      | Found a blossoming altar of Fedhas.
  9622 | D:7      | Reached XP level 9. HP: 57/65 MP: 4/18
 10263 | D:7      | Reached * piety under Cheibriados
 10651 | D:7      | Reached skill level 5 in Invocations
 11906 | D:8      | Reached ** piety under Cheibriados
 12043 | D:8      | Found a hide-covered altar of Uskayaw.
 12067 | D:8      | Reached skill level 5 in Fighting
 12067 | D:8      | Reached skill level 5 in Short Blades
 12067 | D:8      | Reached skill level 5 in Long Blades
 12067 | D:8      | Reached skill level 5 in Axes
 12067 | D:8      | Reached skill level 5 in Maces & Flails
 12067 | D:8      | Reached skill level 5 in Polearms
 12067 | D:8      | Reached skill level 5 in Staves
 12067 | D:8      | Reached skill level 5 in Ranged Weapons
 12067 | D:8      | Reached skill level 5 in Throwing
 12067 | D:8      | Reached skill level 5 in Armour
 12067 | D:8      | Reached skill level 5 in Shields
 12067 | D:8      | Reached skill level 5 in Unarmed Combat
 12067 | D:8      | Reached skill level 5 in Evocations
 12067 | D:8      | Reached XP level 10. HP: 63/74 MP: 9/20
 12558 | D:8      | Found a bloodstained altar of Trog.
 12719 | D:8      | Reached *** piety under Cheibriados
 12720 | D:8      | Reached skill level 5 in Conjurations
 12913 | D:8      | Noticed Psyche
 12927 | D:8      | Killed Psyche
 14116 | D:9      | Found Gyupir's Distillery.
 14390 | D:9      | Found Cuixkaz's Antique Armour Shop.
 14554 | D:9      | Found a shadowy altar of Dithmenos.
 14996 | D:10     | Entered Level 10 of the Dungeon
 15111 | D:10     | Reached skill level 5 in Hexes
 15111 | D:10     | Reached skill level 5 in Summonings
 15111 | D:10     | Reached skill level 5 in Necromancy
 15111 | D:10     | Reached skill level 5 in Translocations
 15111 | D:10     | Reached skill level 5 in Transmutations
 15111 | D:10     | Reached skill level 5 in Ice Magic
 15111 | D:10     | Reached skill level 5 in Air Magic
 15111 | D:10     | Reached skill level 5 in Earth Magic
 15111 | D:10     | Reached skill level 5 in Poison Magic
 15111 | D:10     | Reached XP level 11. HP: 58/81 MP: 8/22
 15481 | D:10     | Reached **** piety under Cheibriados
 15669 | D:10     | Found a staircase to the Orcish Mines.
 15713 | D:10     | Found a burning altar of Makhleb.
 15781 | D:10     | Noticed a two-headed ogre
 15783 | D:10     | Noticed a death yak
 15784 | D:10     | Noticed a death yak
 15785 | D:10     | Noticed a death yak
 15786 | D:10     | Noticed a two-headed ogre
 15790 | D:10     | Killed a two-headed ogre
 15795 | D:10     | Noticed a two-headed ogre
 16233 | D:10     | Found a stormy altar of Qazlal.
 16292 | D:10     | Found an opulent altar of Gozag.
 16300 | D:10     | Killed a two-headed ogre
 16518 | D:10     | Killed a two-headed ogre
 16609 | D:10     | Killed a death yak
 16611 | D:10     | Killed a death yak
 16612 | D:10     | Killed a death yak
 16909 | D:10     | Found a staircase to the Lair.
 17040 | Lair:1   | Entered Level 1 of the Lair of Beasts
 17063 | Lair:1   | Reached XP level 12. HP: 91/91 MP: 22/24
 17876 | Lair:1   | Identified the +2 short sword of Governance {venom, rElec}
 18011 | Lair:1   | Reached ***** piety under Cheibriados
 18797 | Lair:2   | Found a transporter.
 18803 | Lair:2   | Noticed a five-headed hydra
 18824 | Lair:2   | Killed a five-headed hydra
 19816 | Lair:2   | Found a transporter.
 20461 | Lair:3   | Noticed a death yak
 20841 | Lair:3   | Noticed a death yak
 20841 | Lair:3   | Noticed a death yak
 20873 | Lair:2   | Killed a death yak
 20874 | Lair:2   | Reached XP level 13. HP: 78/98 MP: 11/26
 22131 | Lair:3   | Found a staircase to the Snake Pit.
 22237 | Lair:3   | Found a staircase to the Swamp.
 22544 | Lair:3   | Reached ****** piety under Cheibriados
 22574 | Lair:3   | Reached skill level 10 in Spellcasting
 23593 | Lair:4   | Reached skill level 10 in Dodging
 24753 | Lair:3   | Reached skill level 10 in Stealth
 25117 | Lair:4   | Reached skill level 10 in Invocations
 25117 | Lair:4   | Reached XP level 14. HP: 82/108 MP: 11/28
 25514 | Lair:5   | Entered Level 5 of the Lair of Beasts
 25514 | Lair:5   | Found a staircase to the Slime Pits.
 27454 | Lair:5   | Found a large runed translucent door.
 27455 | Lair:5   | Found a large runed translucent door.
 27981 | Lair:5   | Learned a level 6 spell: Plasma Beam
 28191 | Orc:1    | Entered Level 1 of the Orcish Mines
 28673 | Orc:2    | Entered Level 2 of the Orcish Mines
 28673 | Orc:2    | Found a staircase to the Elven Halls.
 29876 | Orc:2    | Found Hose's Antique Weapon Boutique.
 29876 | Orc:2    | Found Lasiu's Antique Armour Emporium.
 29889 | Orc:1    | Noticed Erica
 29903 | Orc:1    | Killed Erica
 30812 | Orc:2    | Found Tezyzoel's Magic Scroll Boutique.
 30812 | Orc:2    | Found Uleqeq's Distillery.
 30976 | Orc:2    | Bought a scroll of blinking for 127 gold pieces
 30976 | Orc:2    | Bought a scroll of enchant armour for 127 gold pieces
 30976 | Orc:2    | Bought a scroll of blinking for 127 gold pieces
 31950 | Swamp:1  | Entered Level 1 of the Swamp
 32015 | Swamp:1  | Paralysed by a hornet for 1 turns
 32819 | Swamp:1  | Reached skill level 10 in Fire Magic
 33395 | Swamp:1  | Identified the +0 robe of the Moneychanger {*Corrode +Inv
                  | Str+5 Stlth+}
 33783 | Swamp:1  | Reached skill level 10 in Fighting
 33783 | Swamp:1  | Reached skill level 10 in Short Blades
 33783 | Swamp:1  | Reached skill level 10 in Long Blades
 33783 | Swamp:1  | Reached skill level 10 in Axes
 33783 | Swamp:1  | Reached skill level 10 in Maces & Flails
 33783 | Swamp:1  | Reached skill level 10 in Polearms
 33783 | Swamp:1  | Reached skill level 10 in Staves
 33783 | Swamp:1  | Reached skill level 10 in Ranged Weapons
 33783 | Swamp:1  | Reached skill level 10 in Throwing
 33783 | Swamp:1  | Reached skill level 10 in Armour
 33783 | Swamp:1  | Reached skill level 10 in Shields
 33783 | Swamp:1  | Reached skill level 10 in Unarmed Combat
 33783 | Swamp:1  | Reached skill level 10 in Evocations
 34237 | Swamp:1  | Reached XP level 15. HP: 67/115 MP: 19/30
 36263 | Swamp:2  | Found a runed translucent door.
 36264 | Swamp:2  | Found a shimmering altar of Xom.
 36264 | Swamp:2  | Noticed Enkazo Toplu's ghost (adept AtWr)
 36316 | Swamp:2  | Noticed Frances
 36320 | Swamp:2  | Killed by an exploding bloated husk

Illustrated notes

Levels and vault maps discovered:
D:1:      zaba_arrival_water, layout_basic
D:2:      layout_rooms, amcnicky_mini_rare_corridor_liquid, uniq_terence
D:3:      layout_rooms, serial_shops, shop, minmay_misc_feat_doors
D:4:      layout_gridville, mainiacjoe_overflow_boulevard,
          worldfamousw_hep_ancestral_shrine, minmay_temple_entry_large_hall,
          uniq_sigmund, uniq_blork_the_orc, uniq_pikel
D:5:      layout_layer_cave, nrook_uturn, dk_vineyard_3, hangedman_decor_push,
          nicolae_elevator_lobby_plus
D:6:      layout_basic, lemuel_doored_altar, gup_sewer_entry_glass
D:7:      layout_basic, cheibriados_altar_1
D:8:      layout_cave_pods, mainiacjoe_overflow_cross_hatched,
          mainiacjoe_overflow_tiny_flanked, enter_bailey_4,
          hangedman_incinerator, uniq_psyche
D:9:      layout_layer_cave, marbit_many_paths, serial_shops,
          nicolae_shop_stone, shop
D:10:     layout_rooms, overflow_temple_1_default,
          mainiacjoe_overflow_small_starburst, demons_altar, dpeg_lair_monsters,
          orc_0_dummy
Temple:   nicolae_temple_godzebo
Lair:1:   layout_regular_city, grunt_megastairs_5, infiniplex_staircase_pool
Lair:2:   gammafunk_cloud_chamber, layout_regular_city, gauntlet_entry_generic,
          minmay_hedge_maze, serial_bayou_pond_c, lemuel_fruit_tree,
          lemuel_fruit_fields
Lair:3:   layout_chaotic_city, minmay_swamp_entry_reptiles,
          nicolae_snake_entry_squirm
Lair:4:   layout_cave_pods, minmay_lair_oklob_bushes, lemuel_fruit_fields
Lair:5:   cheibrodos_lair_end_hotspot, layout_layer_cave, slime_entry_1,
          grunt_forest_small_clearing_treed
Swamp:1:  layout_falls_marsh, nicolae_swamp_tree_isthmus, swamp_pool3
Swamp:2:  layout_basic_swamp, ebering_ghost_xom,
          nicolae_swamp_very_dense_foliage, swamp_pool2,
          nicolae_swamp_baby_hydras, uniq_frances
Orc:1:    layout_caves, uniq_erica
Orc:2:    st_orc_town, layout_caves

Skill      XL: |  1  2  3  4  5  6  7  8  9 10 11 12 13 14 15 |
---------------+----------------------------------------------+-----
Conjurations   | 2 3 4 5 6 7 8 9 |  9.0
Spellcasting   | 5 6 7 8 9 10 11 | 11.4
Invocations    | 1 2 3 4 5 6 7 8 10 11 | 11.2
Fighting       | 1 2 3 4 5 6 7 8 9 10 | 10.3
Short Blades   | 1 2 3 4 5 6 7 8 9 10 | 10.3
Long Blades    | 1 2 3 4 5 6 7 8 9 10 | 10.3
Axes           | 1 2 3 4 5 6 7 8 9 10 | 10.3
Maces & Flails | 1 2 3 4 5 6 7 8 9 10 | 10.3
Polearms       | 1 2 3 4 5 6 7 8 9 10 | 10.3
Staves         | 1 2 3 4 5 6 7 8 9 10 | 10.3
Ranged Weapons | 1 2 3 4 5 6 7 8 9 10 | 10.3
Throwing       | 1 2 3 4 5 6 7 8 9 10 | 10.3
Armour         | 1 2 3 4 5 6 7 8 9 10 | 10.3
Shields        | 1 2 3 4 5 6 7 8 9 10 | 10.3
Unarmed Combat | 1 2 3 4 5 6 7 8 9 10 | 10.3
Evocations     | 1 2 3 4 5 6 7 8 9 10 | 10.3
Hexes          | 1 2 3 4 5 6 7 8 |  8.7
Summonings     | 1 2 3 4 5 6 7 8 |  8.7
Necromancy     | 1 2 3 4 5 6 7 8 |  8.7
Translocations | 1 2 3 4 5 6 7 8 |  8.7
Transmutations | 1 2 3 4 5 6 7 8 |  8.7
Ice Magic      | 1 2 3 4 5 6 7 8 |  8.7
Air Magic      | 1 2 3 4 5 6 7 8 |  8.7
Earth Magic    | 1 2 3 4 5 6 7 8 |  8.7
Poison Magic   | 1 2 3 4 5 6 7 8 |  8.7
Dodging        | 5 6 7 8 9 10 11 | 11.3
Stealth        | 5 6 7 8 9 10 11 | 11.1
Fire Magic     | 6 7 8 9 10 | 10.3

Action                     |  1- 3 |  4- 6 |  7- 9 | 10-12 | 13-15 || total
---------------------------+-------+-------+-------+-------+-------++-------
  Melee: Unarmed           |     1 |       |       |       |       ||     1
         Spear             |       |     9 |     7 |       |       ||    16
         Bite              |       |     2 |     2 |    11 |     8 ||    23
         Punch             |       |     1 |     2 |     5 |     6 ||    14
         Scimitar          |       |       |    22 |    73 |    99 ||   194
   Cast: Foxfire           |    78 |   112 |   121 |   210 |   318 ||   839
         Scorch            |       |     8 |    65 |    15 |    21 ||   109
         Flame Wave        |       |       |     6 |    55 |    91 ||   152
         Plasma Beam       |       |       |       |       |    79 ||    79
  Evoke: Wand              |       |       |       |     5 |    22 ||    27
         Condenser vane    |       |       |       |     1 |     2 ||     3
         Lightning rod     |       |       |       |       |     9 ||     9
    Use: Potion            |       |       |     7 |       |     6 ||    13
         Scroll            |       |       |    27 |     7 |    14 ||    48
 Armour: Robe              |     2 |     8 |    29 |    80 |   134 ||   253
  Dodge: Dodged            |     7 |    34 |   230 |   704 |  1245 ||  2220

Table legend: (Time is in decaauts)
 A = Elapsed time spent in this place.
 B = Non-inter-level travel time spent in this place.
 C = Inter-level travel time spent in this place.
 D = Time resting spent in this place.
 E = Time spent auto-exploring this place.
 F = Levels seen in this place.
 G = Mean time per level.
                   A        B        C        D        E       F      G
               +--------+--------+--------+--------+--------+-----+--------+
         Total |  44349 |  42861 |   1488 |  14579 |  21832 |  21 | 2111.9 |
       Dungeon |  19005 |  18387 |    618 |   5843 |  10023 |  10 | 1900.5 |
        Temple |     98 |     84 |     14 |      0 |     74 |   1 |   98.0 |
          Lair |  15490 |  14827 |    663 |   4358 |   8334 |   5 | 3098.0 |
         Swamp |   4692 |   4627 |     65 |   2764 |   1196 |   2 | 2346.0 |
  Orcish Mines |   4784 |   4658 |    126 |   1582 |   2069 |   2 | 2392.0 |
         Sewer |    278 |    278 |      0 |     31 |    135 |   1 |  278.0 |
               +--------+--------+--------+--------+--------+-----+--------+

Top non-repeatable levels by time:
  Lair:3: 4359 daAuts
 Swamp:1: 4150 daAuts
  Lair:5: 3788 daAuts
   Orc:2: 3122 daAuts
     D:8: 2826 daAuts
  Lair:1: 2732 daAuts
  Lair:2: 2465 daAuts
     D:7: 2454 daAuts
    D:10: 2236 daAuts
  Lair:4: 2145 daAuts
     D:3: 2091 daAuts
     D:4: 2090 daAuts
     D:5: 2010 daAuts
     D:9: 1850 daAuts
   Orc:1: 1661 daAuts
